 Dungeon Crawl Stone Soup version 0.19-b1-4-gd8a0a2a (webtiles) character file.

21 Kullungy the Skirmisher (level 2, -4/24 HPs)
             Began as a Demonspawn Chaos Knight on Oct 30, 2016.
             Killed by a chaos effect from your falchion of chaos (28 damage)
             ... on level 2 of the Dungeon.
             The game lasted 00:05:04 (685 turns).

Kullungy the Skirmisher (Demonspawn Chaos Knight)    Turns: 685, Time: 00:05:11

Health: -4/24      AC:  3    Str: 15    XL:     2   Next: 65%
Magic:  2/2        EV: 15    Int: 13    God:    Xom [.....*]
Gold:   62         SH:  0    Dex: 12    Spells: 0 memorised, 1 level left

rFire  . . .     SeeInvis .     a - +0 falchion (chaos)
rCold  . . .     Gourm    .     b - +2 leather armour
rNeg   . . .     Faith    .     (no shield)
rPois  .         Spirit   .     (helmet restricted)
rElec  .         Reflect  .     (no cloak)
rCorr  .         Harm     .     (no gloves)
MR     .....                    (no boots)
Stlth  +.........               (no amulet)
                                g - +4 ring of evasion
                                k - +3 ring of strength

@: no status effects
A: antennae 1, deformed body, mutation resistance 1
a: Renounce Religion


You were on level 2 of the Dungeon.
You worshipped Xom.
You were Xom's teddy bear.
You were not hungry.

You visited 1 branch of the dungeon, and saw 2 of its levels.

You collected 62 gold pieces.

Inventory:

Hand Weapons
 a - a +0 falchion of chaos (weapon)
 j - a +0 dagger
 l - a +0 dagger
 n - a cursed -3 club
 s - a +0 club
 t - a +0 dagger of electrocution
 v - a +0 short sword
Missiles
 r - 26 stones (quivered)
Armour
 b - a +2 leather armour (worn)
 i - a +0 robe
 x - a +0 helmet
Jewellery
 f - a +1 ring of evasion
 g - a +4 ring of evasion (right hand)
 k - a +3 ring of strength (left hand)
Potions
 h - a potion of degeneration {unknown}
 m - 2 potions of curing {unknown}
 o - a potion of haste {unknown}
 w - a potion of resistance {unknown}
Comestibles
 c - 3 bread rations
 p - a meat ration
 q - a slice of pizza


   Skills:
 + Level 3.5 Fighting
 + Level 3.0 Long Blades
 + Level 1.9 Armour
 + Level 1.0 Dodging


You had one spell level left.
You didn't know any spells.

Dungeon Overview and Level Annotations

Branches:
Dungeon (2/15)

Altars:


Innate Abilities, Weirdness & Mutations

You have a pair of small antennae on your head.
Armour fits poorly on your strangely shaped body.
You are somewhat resistant to further mutation.


Message History

You hit something. You hit something but do no damage.
You hit something but do no damage. You hit something but do no damage.
You hit something but do no damage. You hit something.
There is a sudden explosion of sparks!
You hit something but do no damage.
Space bends around something.
You closely miss something. You hit something but do no damage.
You hit something. You hit something but do no damage.
You heal something.
You hit something but do no damage.
Nothing appears to happen.
You hit something but do no damage.
Nothing appears to happen.
You hit something.
Flying shrapnel explodes from thin air!
The explosion engulfs something.
The explosion engulfs the bush.
The bush is lightly damaged.
The explosion engulfs you!
Ouch! That really hurt!
You die...
Xom is highly amused!

#.P.♣♣♣...#####
#..P♣♣....#
#........##
##P.P.....#
##PP.♣PP.###
#.P♣♣♣♣.##
#P..♣.P.#
#..♣{...#
..#P@..##
......#.###
....# ### ... .


There were no monsters in sight!

Vanquished Creatures
  A dart slug (D:1)
  A leopard gecko (D:1)
  3 bats (D:1)
  3 giant cockroaches (D:1)
  2 goblins (D:1)
  3 hobgoblins (D:1)
  A frilled lizard (D:1)
  A kobold (D:2)
  A rat (D:1)
  A plant (D:2)
17 creatures vanquished.

Notes
Turn   | Place    | Note
-------+----------+-------------------------------------------
     0 | D:1      | Kullungy the Demonspawn Chaos Knight began the quest for the Orb.
     0 | D:1      | Reached XP level 1. HP: 18/18 MP: 1/1
   192 | D:1      | Gained mutation: You have a pair of small antennae on your head. [demonic ancestry]
   192 | D:1      | Reached XP level 2. HP: 24/24 MP: 2/2
   226 | D:1      | Reached skill level 1 in Dodging
   261 | D:1      | XOM: silly message
   510 | D:2      | Gained mutation: You are somewhat resistant to further mutation. [potion of mutation]
   511 | D:2      | Gained mutation: Armour fits poorly on your strangely shaped body. [potion of mutation]
   685 | D:2      | Killed by a chaos effect from your falchion of chaos

Skill      XL: |  1  2 |
---------------+-------+-----
Dodging        | 1 |  1.0
Long Blades    | 3 |  3.0
Fighting       | |  3.5
Armour         | |  1.9

Action                   || total
-------------------------++-------
Melee: Falchion          ||   144
  Use: Potion            ||     2
       Scroll            ||     1
Armor: Leather armour    ||    13
Dodge: Dodged            ||    38
       Rpst.: Falchion   ||    14
